 Dungeon Crawl Stone Soup version 0.21.1-1-g345015f (webtiles) character file.

142 Fang the Chopper (level 5, -1/33 HPs)
             Began as a Gargoyle Berserker on May 11, 2018.
             Was a Believer of Trog.
             Slain by an adder (2 damage)
             ... on level 2 of the Dungeon.
             The game lasted 00:01:49 (943 turns).

Fang the Chopper (Gargoyle Berserker)                Turns: 943, Time: 00:01:49

Health: -1/33      AC:  6    Str: 21    XL:     5   Next: 24%
Magic:  5/5        EV: 12    Int:  8    God:    Trog [**....]
Gold:   45         SH:  0    Dex:  9    Spells: 4/4 levels left

rFire    . . .     SeeInvis .   a - +0 hand axe
rCold    . . .     Gourm    .   (no shield)
rNeg     + . .     Faith    .   b - +0 animal skin
rPois    ∞         Spirit   .   (no helmet)
rElec    +         Reflect  .   (no cloak)
rCorr    .         Harm     .   (no gloves)
MR       .....                  (no boots)
Stlth    +.........             (no amulet)
HPRegen  0.11/turn              (no ring)
MPRegen  0.09/turn              (no ring)

@: very slow
A: negative energy resistance 1, electricity resistance, unbreathing,
petrification resistance, rot immunity, AC +4
a: Berserk, Trog's Hand, Burn Spellbooks, Renounce Religion


You were on level 2 of the Dungeon.
You worshipped Trog.
Trog was pleased with you.
You were very hungry.

You visited 1 branch of the dungeon, and saw 2 of its levels.

You collected 45 gold pieces.

Inventory:

Hand Weapons
 a - a +0 hand axe (weapon)
Missiles
 d - 6 javelins of returning (quivered)
Armour
 b - a +0 animal skin (worn)
Jewellery
 l - an uncursed ring of resist corrosion {unknown}
Scrolls
 e - a scroll of magic mapping {unknown}
 g - a scroll of remove curse {unknown}
 h - a scroll of teleportation {unknown}
 i - a scroll of fog {unknown}
 j - a scroll of noise {unknown}
 k - a scroll of amnesia {unknown}
Potions
 f - a potion of haste {unknown}
Comestibles
 c - 2 rations
 m - a chunk of flesh


   Skills:
 + Level 4.1 Fighting
 + Level 4.2 Axes
 + Level 2.4 Armour
 + Level 2.0 Dodging
 + Level 1.4 Stealth


You had 4 spell levels left.
You didn't know any spells.

Dungeon Overview and Level Annotations

Branches:
Dungeon (2/15)

Altars:


Innate Abilities, Weirdness & Mutations

You are resistant to torment.
Your stone body is resilient. (AC +4)
You are immune to poison.
You resist negative energy. (rN+)
You are resistant to electric shocks. (rElec)
You can survive without breathing.
You are immune to petrification.
You are immune to rotting.


Message History

Your unstable footing causes you to fumble your attack.
The adder barely misses you. The adder closely misses you.
You miss the adder. The adder bites you but does no damage.
You closely miss the adder. The adder barely misses you.
The adder bites you but does no damage.
Your unstable footing causes you to fumble your attack.
The adder bites you.
* * * LOW HITPOINT WARNING * * *
Your unstable footing causes you to fumble your attack.
The adder closely misses you. The adder bites you.
* * * LOW HITPOINT WARNING * * *
You closely miss the adder. The adder bites you.
* * * LOW HITPOINT WARNING * * *
Your unstable footing causes you to fumble your attack.
The adder bites you but does no damage.
You barely miss the adder. The adder barely misses you. The adder bites you.
* * * LOW HITPOINT WARNING * * *
Your unstable footing causes you to fumble your attack.
The adder bites you.
You die...

#. ###.# ...######## . #+
#........# .. #. #........#
#..###.###........# ..
#.........§.......#
.......##.....>.§.........#
..........###..@S§§§......#
.......#......≈≈§§§§.$....#
..............≈≈≈§§§§.....#
......#........≈≈≈≈§§§§...<#
..#.............≈.≈P§§§#####
....###.....<...≈P.....#
.#..#.......()÷..†.....#
..............)........#
............†..........#


You could see an adder.

Vanquished Creatures
  A big kobold (D:2)
  2 adders (D:2)
  2 oozes
  A worm (D:2)
  A dart slug (D:1)
  2 leopard geckos
  A giant cockroach (D:1)
  2 goblins (D:1)
  6 hobgoblins
  3 jackals (D:2)
  3 kobolds (D:1)
  A quokka (D:2)
  2 bats (D:1)
  4 frilled lizards
  A giant cockroach zombie (D:2)
  3 rats (D:1)
35 creatures vanquished.

Notes
Turn   | Place    | Note
-------+----------+-------------------------------------------
     0 | D:1      | Fang the Gargoyle Berserker began the quest for the Orb.
     0 | D:1      | Reached XP level 1. HP: 14/14 MP: 1/1
   141 | D:1      | Reached XP level 2. HP: 18/19 MP: 2/2
   477 | D:1      | Reached XP level 3. HP: 24/24 MP: 3/3
   677 | D:2      | Noticed a big kobold
   692 | D:2      | Killed a big kobold
   692 | D:2      | Reached XP level 4. HP: 23/29 MP: 4/4
   746 | D:2      | Reached ** piety under Trog
   880 | D:2      | Reached skill level 1 in Stealth
   880 | D:2      | Reached XP level 5. HP: 24/33 MP: 5/5
   942 | D:2      | HP: 1/33 [adder (2)]
   943 | D:2      | Slain by an adder

Skill      XL: |  1  2  3  4 |
---------------+-------------+-----
Axes           | 3 4 |  4.2
Fighting       | 4 |  4.1
Dodging        | 2 |  2.0
Stealth        | 1 |  1.4
Armour         | |  2.4

Action                   |  1- 3 |  4- 6 || total
-------------------------+-------+-------++-------
Melee: Hand axe          |    75 |    49 ||   124
Invok: Berserk           |     1 |     1 ||     2
  Eat: Chunk             |       |     1 ||     1
Armor: Animal skin       |    37 |    39 ||    76
Dodge: Dodged            |    46 |    45 ||    91
